cohdb
Replays
Latest Replays
All Replays
Popular Replays
Top Player Replays
Match Explorer
How It Works
Community
CoH3 Stats
Reddit
Sign in to upload your games and track your stats! →
Sign in with Steam
Match 28877804
Unlisted
Match 28877804
Overview
Messages
Build Orders
End
Kradschützen Motorcycle Team
Panzergrenadier Squad
Selects Italian Combined Arms Battlegroup
Selects Bersaglieri Squad
Bersaglieri Squad
Construct Light Support Kompanie
250 Light Carrier
MG34 Team
Fire Support Elements
Combat Half-tracks
Construct Mechanized Kompanie
Flakvierling Half-track
Selects Bersaglieri Bolster
Selects Breda Model 30 Light Machine Guns
8 Rad Armored Car
Assault Mechanized Group
Selects Semovente da 75/18 Assault Gun
Construct Panzerarmee Kommand
Selects Strafing Run
le.IG 18 Support Gun Team
Selects Artillery Cover
Armored Reserves
Strafing Run
Marder III Tank Destroyer
Bersaglieri Squad
Panzer IV Assault Group
Panzerjäger Squad
Artillery Cover
MG34 Team
Panzerjäger Squad
Bighazelnut
052D
Dying Hentai
克劳塞尔
Honey
khj
Zebra
fapvan
0
0
Comments
sign in to comment!
No comments posted yet!